[Event "Titled Tuesday Blitz November 15 Late 2022"]
[White "Krishnan, Varun"]
[Black "Kopylov, Alexander A."]
[WhiteFideId "5054508"]
[BlackFideId "4164857"]
[WhiteElo "2562"]
[BlackElo "2751"]
[Result "0-1"]
[Round "03"]
[TimeControl "180+1"]
[Date "2022.11.16"]
[WhiteClock "0:00:05"]
[BlackClock "0:00:29"]

1. e4 e5 2. Nf3 Nc6 3. d4 exd4 4. c3 d5 5. exd5 Qxd5 6. cxd4 Nf6 7. Nc3 Bb4 8. Bd3 O-O 9. O-O Qh5 10. d5 Ne7 11. Qb3 Bxc3 12. Qxc3 Nexd5 13. Qd4 b6 14. b3 c5 15. Qe5 Qxe5 16. Nxe5 Nb4 17. Bc4 Nc2 18. Rb1 Bf5 19. Bg5 Nd4 20. Rbe1 h6 21. Bh4 g5 22. Bg3 Ne4 23. f4 Nd2 24. Rf2 Nxc4 25. Nxc4 g4 26. Nd6 Rad8 27. Ne4 Kg7 28. Bh4 Rde8 29. Bf6+ Kg6 30. Be5 f6 31. Bxd4 cxd4 32. Rfe2 d3 33. Re3 Rxe4 34. Rxe4 d2 35. Rd1 Bxe4 36. Rxd2 Rc8 37. Rd4 Kf5 38. Kf2 Rc2+ 39. Ke3 Bxg2 40. Rb4 Bc6 41. Rd4 Rxh2 42. Rd6 Rc2 43. Rd8 g3 44. Rg8 g2 45. Kd3 Be4+ 46. Kd4 Rc1 0-1


[Site "https://www.chess.com"]

[Event "Titled Tuesday Blitz November 15 Late 2022"]
[White "Ladan, Nicholas"]
[Black "Yano, William Jorge Froes"]
[WhiteFideId "30918855"]
[BlackFideId "2112949"]
[WhiteElo "2167"]
[BlackElo "2122"]
[Result "0-1"]
[Round "03"]
[TimeControl "180+1"]
[Date "2022.11.16"]
[WhiteClock "0:01:48"]
[BlackClock "0:00:54"]

1. b3 Nf6 2. Bb2 g6 3. g3 Bg7 4. Bg2 O-O 5. Nf3 d6 6. O-O e5 7. d3 c5 8. c4 Nc6 9. Nc3 Bg4 10. h3 Bd7 11. Nd2 Rb8 12. Nde4 Nxe4 13. dxe4 Be6 14. e3 Re8 15. Qd2 Bf8 16. Rad1 a6 17. a3 Qc8 18. Kh2 b5 19. cxb5 axb5 20. Nd5 Qb7 21. Nf6+ Kg7 22. Nxe8+ Rxe8 23. f4 Bxb3 24. Rc1 Kg8 25. f5 Ra8 26. Rf2 b4 27. axb4 Nxb4 28. Rcf1 Ra2 29. fxg6 hxg6 30. Rxf7 Bxf7 31. Rxf7 Qxf7 0-1


[Site "https://www.chess.com"]

[Event "Titled Tuesday Blitz November 15 Late 2022"]
[White "Leenhouts, Koen"]
[Black "Martinez Alcantara, Jose Eduardo"]
[WhiteFideId "1008439"]
[BlackFideId "3805662"]
[WhiteElo "2545"]
[BlackElo "3045"]
[Result "0-1"]
[Round "03"]
[TimeControl "180+1"]
[Date "2022.11.16"]
[WhiteClock "0:00:07"]
[BlackClock "0:00:48"]

1. d4 Nf6 2. c4 e6 3. Nc3 Bb4 4. Qc2 d6 5. Nf3 O-O 6. Bd2 Nc6 7. a3 Bxc3 8. Bxc3 Qe7 9. e3 e5 10. d5 Nb8 11. Bd3 a5 12. b3 Nbd7 13. Nd2 Nc5 14. O-O Bg4 15. Rae1 Bh5 16. f4 Nxd3 17. Qxd3 Nd7 18. fxe5 dxe5 19. Bb2 Bg6 20. e4 f6 21. Nf3 Nc5 22. Qc2 c6 23. Nh4 cxd5 24. cxd5 Rac8 25. Nxg6 hxg6 26. Rc1 Qd7 27. Qc4 b5 28. Qe2 Nxb3 29. Rxc8 Rxc8 30. h3 a4 31. Rd1 Kh7 32. d6 Rc4 33. Qf2 Nc5 34. Qh4+ Kg8 35. Qg4 Qxg4 36. hxg4 Nd7 37. Rd5 Rc5 38. Rd2 Kf7 39. Kf2 Ke6 40. Kf3 Rc4 41. Rd5 Rc5 42. Rd2 Rc6 43. Rd5 Rb6 44. Bc3 Rxd6 45. Rxd6+ Kxd6 46. Bb4+ Ke6 47. g5 f5 48. g4 f4 0-1


[Site "https://www.chess.com"]

[Event "Titled Tuesday Blitz November 15 Late 2022"]
[White "Leiva, Gianmarco"]
[Black "Karas, Marek"]
[WhiteFideId "3804399"]
[BlackFideId "14928558"]
[WhiteElo "2286"]
[BlackElo "2220"]
[Result "0-1"]
[Round "03"]
[TimeControl "180+1"]
[Date "2022.11.16"]
[WhiteClock "0:01:55"]
[BlackClock "0:02:01"]

1. e4 e6 2. d4 d5 3. Nc3 Nf6 4. Bg5 Be7 5. e5 Nfd7 6. h4 h6 7. Bxe7 Qxe7 8. Qg4 O-O 9. Nf3 c5 10. Ne2 Nc6 11. c3 f6 12. exf6 Nxf6 13. Qg6 e5 14. dxc5 Qxc5 15. Ng5 Ne7 16. Qd3 hxg5 17. hxg5 Bf5 18. Qg3 Ne4 19. Qh4 Ng6 20. Qh7+ Kf7 21. O-O-O Rh8 22. g4 Rxh7 23. Rxh7 Bxg4 0-1


[Site "https://www.chess.com"]

[Event "Titled Tuesday Blitz November 15 Late 2022"]
[White "Li, Xueyi"]
[Black "Papayan, Oleg"]
[WhiteFideId "8605912"]
[BlackFideId "4193911"]
[WhiteElo "2197"]
[BlackElo "2153"]
[Result "1-0"]
[Round "03"]
[TimeControl "180+1"]
[Date "2022.11.16"]
[WhiteClock "0:00:55"]
[BlackClock "0:00:08"]

1. d4 Nf6 2. c4 e6 3. g3 d5 4. Bg2 dxc4 5. Nf3 c5 6. O-O Nc6 7. Qa4 Bd7 8. Qxc4 b5 9. Qd3 c4 10. Qd1 Rc8 11. Ne5 Nxe5 12. dxe5 Nd5 13. Bxd5 exd5 14. Qxd5 Be7 15. a3 O-O 16. Be3 a5 17. Nc3 b4 18. axb4 axb4 19. Nb5 Be6 20. Qxd8 Rcxd8 21. Nd4 Rd5 22. Nxe6 fxe6 23. f4 Bc5 24. Bxc5 Rxc5 25. Kf2 Rxe5 26. Ra7 Rc5 27. Rd1 Kh8 28. Rdd7 Rg8 29. Rdc7 c3 30. bxc3 Rxc3 31. Rxc3 bxc3 32. Rc7 Rf8 33. Rxc3 e5 34. Kf3 exf4 35. gxf4 h5 36. Rc5 g6 37. Rc7 Re8 38. e4 Ra8 39. Ke3 Ra3+ 40. Kd4 Rh3 41. Ke5 Rxh2 42. Kf6 Re2 43. e5 h4 44. Rc3 Kg8 45. Kxg6 Rf2 46. f5 Rg2+ 47. Kf6 Rg3 48. Rc8+ Kh7 49. e6 h3 50. e7 Re3 51. e8=Q Rxe8 52. Rxe8 h2 53. Re1 h1=Q 54. Rxh1+ Kg8 55. Rh2 Kf8 56. Rh8# 1-0


[Site "https://www.chess.com"]

[Event "Titled Tuesday Blitz November 15 Late 2022"]
[White "Liu, Kelsey"]
[Black "Omariev, Maksim"]
[WhiteFideId "30944481"]
[BlackFideId "4193423"]
[WhiteElo "2321"]
[BlackElo "2500"]
[Result "0-1"]
[Round "03"]
[TimeControl "180+1"]
[Date "2022.11.16"]
[WhiteClock "0:01:02"]
[BlackClock "0:00:36"]

1. e4 c5 2. Nf3 e6 3. Nc3 a6 4. d4 cxd4 5. Nxd4 Bc5 6. Nb3 Ba7 7. Be2 Ne7 8. O-O O-O 9. e5 Nbc6 10. Bf4 Ng6 11. Qd2 Ncxe5 12. Bg3 d5 13. a4 Nc4 14. Qc1 Na5 15. Nd2 e5 16. b4 Nc6 17. b5 Nd4 18. Bh5 Bf5 19. Bxg6 hxg6 20. Bxe5 Nxc2 21. Ra2 Nb4 22. Qd1 Re8 23. Nf3 Nxa2 24. Nxa2 Be4 25. Bb2 axb5 26. axb5 Rc8 27. Nd4 Qa5 28. Nc3 Rxc3 0-1


[Site "https://www.chess.com"]

[Event "Titled Tuesday Blitz November 15 Late 2022"]
[White "Lopez Del Alamo, Antonio"]
[Black "Szyszylo, Rafal"]
[WhiteFideId "2227339"]
[BlackFideId "1109626"]
[WhiteElo "2175"]
[BlackElo "1981"]
[Result "0-1"]
[Round "03"]
[TimeControl "180+1"]
[Date "2022.11.16"]
[WhiteClock "0:00:05"]
[BlackClock "0:01:06"]

1. e4 d6 2. d4 Nf6 3. Nc3 g6 4. h4 h5 5. f3 c6 6. Be3 b5 7. a3 Nbd7 8. Nh3 Nb6 9. Ng5 Bg7 10. Qd2 a5 11. Be2 Qc7 12. b3 O-O 13. Kf2 e5 14. Rag1 b4 15. axb4 axb4 16. Nd1 exd4 17. Bxd4 c5 18. Be3 d5 19. Bf4 Qe7 20. e5 Nfd7 21. e6 fxe6 22. Bd3 Qf6 23. Bd6 Re8 24. Ne3 Ba6 25. Bxa6 Rxa6 26. Nxd5 0-1


[Site "https://www.chess.com"]

[Event "Titled Tuesday Blitz November 15 Late 2022"]
[White "Madaminov, Mukhiddin"]
[Black "Girsh, Daniel"]
[WhiteFideId "14210703"]
[BlackFideId "30949190"]
[WhiteElo "2341"]
[BlackElo "2075"]
[Result "1-0"]
[Round "03"]
[TimeControl "180+1"]
[Date "2022.11.16"]
[WhiteClock "0:02:02"]
[BlackClock "0:00:11"]

1. d4 Nf6 2. Nc3 d5 3. Bf4 e6 4. Nb5 Na6 5. e3 Be7 6. Nf3 O-O 7. Be2 c6 8. Nc3 Nb8 9. O-O c5 10. Nb5 Nh5 11. Bc7 Qe8 12. Ne5 Nf6 13. Nd6 Qa4 14. dxc5 Nc6 15. Bb5 Qh4 16. Nxc6 bxc6 17. Bxc6 Ba6 18. Re1 Ng4 19. Ne4 dxe4 20. Bg3 Qg5 21. h4 Qg6 22. Bxa8 Rxa8 23. Qd7 Bf8 24. Qc6 Rd8 25. Qxa6 Bxc5 26. Rad1 Re8 27. Qc6 f5 28. Qxc5 f4 29. exf4 e3 30. fxe3 Nf6 31. Qg5 Qf7 32. e4 h6 33. Qb5 Nh5 34. Qe2 Nxg3 35. Qf3 Nh5 36. g3 e5 37. f5 Nf6 38. Qb3 Qxb3 39. axb3 Rc8 40. c3 Rb8 41. b4 a5 42. bxa5 Rxb2 43. a6 Ra2 44. Ra1 1-0


[Site "https://www.chess.com"]

[Event "Titled Tuesday Blitz November 15 Late 2022"]
[White "Maksimovic, Bojan"]
[Black "Paravyan, David"]
[WhiteFideId "14408120"]
[BlackFideId "4194985"]
[WhiteElo "2447"]
[BlackElo "2546"]
[Result "0-1"]
[Round "03"]
[TimeControl "180+1"]
[Date "2022.11.15"]
[WhiteClock "0:00:19"]
[BlackClock "0:00:08"]

1. Nf3 Nf6 2. c4 g6 3. Nc3 d5 4. cxd5 Nxd5 5. h4 Bg7 6. h5 Nc6 7. h6 Bf6 8. e3 Ndb4 9. d3 e5 10. a3 Na6 11. Nd2 Nc5 12. Nde4 Nxe4 13. dxe4 Qxd1+ 14. Kxd1 Be6 15. Kc2 O-O-O 16. b4 a5 17. b5 Nb8 18. Be2 Nd7 19. Na4 Be7 20. Bd2 Nb6 21. Nxb6+ cxb6 22. Bc3 f6 23. f4 Bc5 24. fxe5 fxe5 25. Bxe5 Rhe8 26. Bf6 Rd7 27. Rhd1 a4 28. Rxd7 Kxd7 29. e5 Rc8 30. Kd2 Bf8 31. Bf3 Rc5 32. Rb1 Kc7 33. Kd3 Bf5+ 34. Be4 Rd5+ 35. Ke2 Bxe4 36. Rb4 Bxb4 0-1


[Site "https://www.chess.com"]

[Event "Titled Tuesday Blitz November 15 Late 2022"]
[White "Manukyan, Sargis A."]
[Black "Allahverdiyeva, Ayan"]
[WhiteFideId "13303970"]
[BlackFideId "13412590"]
[WhiteElo "2187"]
[BlackElo "2021"]
[Result "1-0"]
[Round "03"]
[TimeControl "180+1"]
[Date "2022.11.16"]
[WhiteClock "0:00:03"]
[BlackClock "0:00:01"]

1. Nf3 d5 2. c4 d4 3. e3 dxe3 4. fxe3 c5 5. d4 e6 6. Nc3 Nf6 7. Bd3 Nc6 8. O-O cxd4 9. exd4 Nxd4 10. Be3 Bc5 11. Kh1 Nxf3 12. Bxc5 Ne5 13. Qa4+ Bd7 14. Qc2 Nxd3 15. Qxd3 Bc6 16. Qg3 Nh5 17. Qf2 f6 18. Rad1 Qc7 19. Bd6 Qf7 20. Rfe1 O-O-O 21. Qxa7 Rxd6 22. Rxd6 Kc7 23. Qc5 Nf4 24. Nb5+ Kb8 25. Rxc6 bxc6 26. Qd6+ Kb7 27. Nd4 Qc7 28. Qb4+ Qb6 29. Qe7+ Qc7 30. Qc5 Nd3 31. Qa3 Nxe1 32. c5 1-0


[Site "https://www.chess.com"]

[Event "Titled Tuesday Blitz November 15 Late 2022"]
[White "Megalios, Konstantinos"]
[Black "Clawitter, Craig"]
[WhiteFideId "4238044"]
[BlackFideId "2023105"]
[WhiteElo "2277"]
[BlackElo "2226"]
[Result "0-1"]
[Round "03"]
[TimeControl "180+1"]
[Date "2022.11.16"]
[WhiteClock "0:00:01"]
[BlackClock "0:00:07"]

1. d3 e6 2. g3 d5 3. Bg2 Nf6 4. Nf3 Be7 5. O-O O-O 6. Nbd2 c5 7. e4 Nc6 8. Re1 b5 9. e5 Nd7 10. Nf1 b4 11. h4 a5 12. h5 h6 13. N1h2 a4 14. a3 bxa3 15. bxa3 Ba6 16. Ng4 c4 17. d4 c3 18. Bf4 Rb8 19. Re3 Qa5 20. Qe1 Rfc8 21. Qxc3 Qxc3 22. Rxc3 Na5 23. Rxc8+ Rxc8 24. Ne1 Nc4 25. Bc1 Rb8 26. Bf1 Ndb6 27. Bd3 Nc8 28. f4 Na7 29. Nf3 Nb5 30. Kf2 Nc3 31. Ke1 Rb1 32. Rxb1 Nxb1 33. Ne3 Nxe3 34. Bxa6 Nxc2+ 35. Kd1 Ncxa3 36. Be3 Nc3+ 37. Ke1 Ne4 38. g4 Nc2+ 39. Ke2 Nxe3 40. Kxe3 a3 41. Ne1 a2 42. Nc2 Bb4 43. Bb5 Bc3 44. f5 a1=Q 45. Nxa1 Bxa1 46. Bd7 exf5 47. gxf5 Nc3 48. Kd3 Kf8 49. Bc6 Ke7 50. Bb7 Kd8 51. Bc6 Kc7 52. Be8 f6 53. e6 Kd6 54. Bf7 Ne4 0-1


[Site "https://www.chess.com"]

[Event "Titled Tuesday Blitz November 15 Late 2022"]
[White "Melian, Juan Sebastian"]
[Black "Rosenberg, Evan S"]
[WhiteFideId "3706575"]
[BlackFideId "2019299"]
[WhiteElo "2044"]
[BlackElo "2369"]
[Result "1-0"]
[Round "03"]
[TimeControl "180+1"]
[Date "2022.11.16"]
[WhiteClock "0:00:14"]
[BlackClock "0:00:02"]

1. d4 d5 2. c4 e6 3. Nc3 c5 4. cxd5 cxd4 5. Qa4+ Bd7 6. Qxd4 exd5 7. Qxd5 Nf6 8. Qg5 Nc6 9. Nf3 h6 10. Qf4 Bc5 11. Be3 g5 12. Qc4 Bxe3 13. fxe3 O-O 14. Rd1 Qe7 15. e4 Ne5 16. Nd5 Nxd5 17. Qxd5 Qb4+ 18. Qd2 Qxd2+ 19. Rxd2 Nxf3+ 20. exf3 Be6 21. a3 Rfe8 22. Bd3 Rad8 23. Ke2 f5 24. Rhd1 fxe4 25. Bxe4 Rxd2+ 26. Rxd2 Bf5 27. Ke3 Bxe4 28. fxe4 Re7 29. Rd5 Kg7 30. Kd4 Kf6 31. Rf5+ Kg6 32. Rd5 Kf6 33. g4 Rc7 34. e5+ Kg6 35. Rd6+ Kg7 36. Kd5 Rc2 37. Rd7+ Kg6 38. Rxb7 Rd2+ 39. Ke6 Rxh2 40. Ke7 h5 41. gxh5+ Kxh5 42. Rb8 1-0


[Site "https://www.chess.com"]

[Event "Titled Tuesday Blitz November 15 Late 2022"]
[White "Melkumyan, Hrant"]
[Black "Cardoso Cardoso, Jose Gabriel"]
[WhiteFideId "13302485"]
[BlackFideId "4430492"]
[WhiteElo "2604"]
[BlackElo "2484"]
[Result "1/2-1/2"]
[Round "03"]
[TimeControl "180+1"]
[Date "2022.11.15"]
[WhiteClock "0:00:17"]
[BlackClock "0:00:04"]

1. d4 d5 2. c4 dxc4 3. e3 Nf6 4. Bxc4 e6 5. Nf3 a6 6. b3 c5 7. Ba3 Nbd7 8. O-O b5 9. Be2 Bb7 10. Nbd2 Be7 11. Rc1 Rc8 12. dxc5 Bxc5 13. Bxc5 Nxc5 14. a4 bxa4 15. b4 Ncd7 16. Qxa4 O-O 17. Bxa6 Ra8 18. b5 Nb8 19. Rfd1 Nxa6 20. bxa6 Bxa6 21. Qf4 Be2 22. Re1 Bxf3 23. Nxf3 Rc8 24. Rb1 Qc7 25. Qh4 h6 26. e4 Nd7 27. e5 Nb6 28. h3 Nd5 29. Qg3 Qc4 30. Kh2 Qf4 31. Qxf4 Nxf4 32. Rb7 Rc2 33. Rf1 Nd3 34. Kg3 Nc5 35. Rb4 Re2 36. Kh2 Nd3 37. Rd4 Nxe5 38. Nxe5 Rxe5 39. f4 Re2 40. f5 exf5 41. Rxf5 Re7 42. Rg4 g6 43. Ra5 Kg7 44. h4 Rfe8 45. h5 g5 46. Rf5 Re4 47. Rxe4 Rxe4 48. g3 Re2+ 49. Kh3 Re6 50. Ra5 Kf6 51. Kg4 Re4+ 52. Kf3 Re5 53. Ra6+ Re6 54. Ra5 Rb6 55. Ra3 Rb5 56. Ra6+ Kg7 57. Rc6 Rf5+ 58. Kg4 Rf6 59. Rc5 Rf1 60. Ra5 Rf2 61. Rb5 Rd2 62. Ra5 Rd4+ 63. Kh3 Re4 64. Rb5 Re6 65. Ra5 Kf6 66. Kg4 Re4+ 67. Kf3 Re5 68. Ra6+ Re6 69. Ra8 Kf5 70. g4+ Kf6 71. Rh8 Kg7 72. Ra8 Rf6+ 73. Kg3 Rb6 74. Ra5 Rb3+ 75. Kg2 Re3 76. Kf2 Re4 77. Kf3 Rf4+ 78. Kg3 Re4 79. Kf3 Re6 80. Kg3 Kf6 81. Rf5+ Ke7 82. Ra5 Rd6 83. Kf3 Ke6 84. Kg3 Rd3+ 85. Kf2 Rd4 86. Kf3 Rf4+ 87. Kg3 Rd4 88. Ra6+ Rd6 89. Ra8 Ke5 90. Re8+ Kd4 91. Kf3 Rf6+ 92. Kg3 Re6 93. Rf8 Rf6 94. Re8 Kd5 95. Re1 Kd6 96. Re2 Kd7 97. Re1 Rd6 98. Rf1 Ke7 99. Re1+ Re6 100. Ra1 Re3+ 101. Kf2 Rd3 102. Ra6 Rd6 103. Ra8 Kf6 104. Kf3 Re6 105. Rg8 Ke7 106. Rh8 Rd6 107. Ra8 Kf6 108. Ra7 Re6 109. Kg3 Kg7 110. Kf3 Rf6+ 111. Kg3 Re6 112. Ra8 Re3+ 113. Kf2 Rb3 114. Kg2 Rb4 115. Kf3 Rb3+ 116. Kf2 Rb4 117. Kf3 Rb7 118. Ra6 f6 119. Rc6 Rf7 120. Ke4 Re7+ 121. Kf3 Kf7 122. Ra6 Kg7 123. Ra5 Kf7 124. Rb5 Re5 125. Rb8 Re8 126. Rb7+ Re7 127. Rb8 Re8 128. Rb6 Re6 129. Rb5 Re7 130. Ra5 Rb7 131. Ra8 Rb3+ 132. Kg2 Rb2+ 133. Kg3 Rb3+ 134. Kf2 Rb2+ 135. Kf3 Rb3+ 136. Kf2 Rb2+ 137. Kf3 Rb3+ 1/2-1/2


[Site "https://www.chess.com"]

[Event "Titled Tuesday Blitz November 15 Late 2022"]
[White "Mikaelyan, Arman"]
[Black "Palencia Morales, Wilson Guillermo"]
[WhiteFideId "13304852"]
[BlackFideId "4401859"]
[WhiteElo "2456"]
[BlackElo "2160"]
[Result "1-0"]
[Round "03"]
[TimeControl "180+1"]
[Date "2022.11.16"]
[WhiteClock "0:01:15"]
[BlackClock "0:01:00"]

1. d4 Nf6 2. Bg5 Ne4 3. Bf4 c5 4. f3 Nf6 5. d5 g6 6. e4 d6 7. Nc3 Bg7 8. Qd2 a6 9. a4 Nbd7 10. Nge2 Qa5 11. Nd1 Qxd2+ 12. Bxd2 e6 13. dxe6 fxe6 14. Ne3 Ne5 15. Nc3 Bd7 16. a5 Bc6 17. h3 g5 18. Ng4 Nexg4 19. hxg4 h6 20. e5 dxe5 21. Bd3 e4 22. Nxe4 Nxe4 23. Bxe4 Bxe4 24. fxe4 O-O-O 25. O-O-O Kc7 26. Bc3 Rxd1+ 27. Kxd1 Bxc3 28. bxc3 Kc6 29. Ke2 Kb5 30. Rb1+ Kxa5 31. Rxb7 Rf8 32. g3 Rf6 33. e5 Rg6 34. Kd3 Rg8 35. Re7 Rd8+ 36. Kc4 Rd2 37. Rxe6 Rxc2 38. Rxh6 Re2 39. e6 Ka4 40. Kxc5 a5 41. Kd6 Kb3 42. e7 1-0


[Site "https://www.chess.com"]

[Event "Titled Tuesday Blitz November 15 Late 2022"]
[White "Milosevic, Milos"]
[Black "Sailer, Mike"]
[WhiteFideId "964875"]
[BlackFideId "2012901"]
[WhiteElo "2321"]
[BlackElo "2109"]
[Result "1-0"]
[Round "03"]
[TimeControl "180+1"]
[Date "2022.11.16"]
[WhiteClock "0:01:17"]
[BlackClock "0:00:04"]

1. e4 d5 2. exd5 Qxd5 3. Nc3 Qd6 4. d4 Nf6 5. Nf3 c6 6. Bc4 Bg4 7. O-O e6 8. h3 Bh5 9. g4 Bg6 10. Ne5 Nbd7 11. Bf4 Qb4 12. a3 Qa5 13. b4 Qd8 14. Qe2 Nxe5 15. dxe5 Nd5 16. Nxd5 exd5 17. Bb3 Be7 18. c4 dxc4 19. Bxc4 O-O 20. Rad1 Qb6 21. Rd7 Rae8 22. e6 f5 23. Bc7 fxg4 24. Bxb6 axb6 25. hxg4 Rf4 26. Rxb7 Be4 27. f3 Bg6 28. Bd3 c5 29. Bxg6 hxg6 30. Qb5 Kf8 31. Qxb6 cxb4 32. Rb8 Bc5+ 33. Qxc5+ 1-0


[Site "https://www.chess.com"]

[Event "Titled Tuesday Blitz November 15 Late 2022"]
[White "Mirzoev, Azer"]
[Black "Mikhalsky, Vladimir"]
[WhiteFideId "13400304"]
[BlackFideId "14144352"]
[WhiteElo "2525"]
[BlackElo "2271"]
[Result "0-1"]
[Round "03"]
[TimeControl "180+1"]
[Date "2022.11.16"]
[WhiteClock "0:02:02"]
[BlackClock "0:01:39"]

1. c4 c5 2. Nc3 Nf6 3. g3 d5 4. Bg2 d4 5. Na4 e5 6. d3 Nc6 7. Nf3 Bd6 8. O-O O-O 9. Bg5 h6 10. Bxf6 Qxf6 11. Nd2 Qe7 12. Ne4 Bd7 13. a3 Rab8 14. Qd2 Nd8 15. Qc2 Bc6 16. b4 cxb4 17. c5 Bc7 18. axb4 f5 19. Nd2 Bxg2 20. Kxg2 Kh8 21. Nb2 Nc6 22. b5 Na5 23. Qc4 Nxc4 0-1


[Site "https://www.chess.com"]

[Event "Titled Tuesday Blitz November 15 Late 2022"]
[White "Miszler, Levente"]
[Black "Kaganskiy, Gleb"]
[WhiteFideId "763276"]
[BlackFideId "4132025"]
[WhiteElo "2176"]
[BlackElo "2165"]
[Result "0-1"]
[Round "03"]
[TimeControl "180+1"]
[Date "2022.11.16"]
[WhiteClock "0:00:26"]
[BlackClock "0:00:21"]

1. c4 e6 2. g3 d5 3. Bg2 Nf6 4. Nf3 Be7 5. O-O O-O 6. d4 dxc4 7. Qc2 b5 8. a4 b4 9. Nbd2 Bb7 10. Nxc4 Nbd7 11. Nfe5 Bxg2 12. Kxg2 Nxe5 13. dxe5 Nd5 14. e4 Nb6 15. a5 Nxc4 16. Qxc4 c5 17. Be3 Qc7 18. Rfc1 Qxe5 19. Bxc5 Bxc5 20. Qxc5 Qxe4+ 21. Kg1 g6 22. Rc4 Qf3 23. Qxb4 Rab8 24. Qc3 Qxc3 25. bxc3 Rfc8 26. Raa4 Rxc4 27. Rxc4 Rb5 28. Ra4 Rc5 29. c4 e5 30. Kf1 f5 31. Ke2 Kf7 32. Kd3 Ke6 33. a6 Rc6 34. Ra5 Rb6 35. Kc3 Kd6 36. Rd5+ Ke6 37. Ra5 g5 38. f3 h5 39. h4 g4 40. fxg4 hxg4 41. h5 f4 42. gxf4 exf4 43. h6 Kf6 44. Rh5 Rb8 45. h7 Rh8 46. Kd4 g3 47. Rh1 Kf5 48. Kd3 Kg4 49. Ke2 f3+ 50. Ke3 Re8+ 51. Kd3 g2 52. h8=Q Rxh8 53. Rxh8 f2 54. Rg8+ Kf3 55. Rf8+ Kg3 56. Rg8+ Kh2 57. Rh8+ Kg1 58. c5 f1=Q+ 59. Kd4 Qa1+ 60. Kd5 Qxh8 61. c6 Kf1 0-1


[Site "https://www.chess.com"]

[Event "Titled Tuesday Blitz November 15 Late 2022"]
[White "Mr_Penings"]
[Black "Alexikov, Alexander"]
[BlackFideId "14103958"]
[WhiteElo "2667"]
[BlackElo "2222"]
[Result "1-0"]
[Round "03"]
[TimeControl "180+1"]
[Date "2022.11.16"]
[WhiteClock "0:00:57"]
[BlackClock "0:00:59"]

1. c4 Nf6 2. Nc3 g6 3. e4 Bg7 4. g3 d6 5. Bg2 O-O 6. Nge2 c5 7. O-O Nc6 8. d3 a6 9. h3 Rb8 10. a4 b6 11. f4 Bb7 12. Be3 e6 13. d4 cxd4 14. Nxd4 Qc7 15. Nde2 Rfd8 16. Rc1 Ba8 17. b3 Nb4 18. Qd2 Qe7 19. g4 d5 20. cxd5 exd5 21. e5 Ne4 22. Qd1 Nc5 23. Nd4 Rbc8 24. Nce2 f6 25. Qd2 fxe5 26. fxe5 Nbd3 27. Rcd1 Qxe5 28. b4 Nxb4 29. Bf4 1-0


[Site "https://www.chess.com"]

[Event "Titled Tuesday Blitz November 15 Late 2022"]
[White "Nasuta, Grzegorz"]
[Black "Hansen, Eric"]
[WhiteFideId "1141686"]
[BlackFideId "2606771"]
[WhiteElo "2440"]
[BlackElo "2568"]
[Result "0-1"]
[Round "03"]
[TimeControl "180+1"]
[Date "2022.11.15"]
[WhiteClock "0:00:57"]
[BlackClock "0:01:56"]

1. e4 c5 2. Nf3 e6 3. d4 cxd4 4. Nxd4 a6 5. c4 Nf6 6. Nc3 Qc7 7. a3 b6 8. Be3 Bb7 9. f3 d6 10. Be2 Nbd7 11. Rc1 Be7 12. O-O O-O 13. b4 Rfc8 14. Qd2 Rab8 15. Kh1 Qd8 16. Rfd1 Qf8 17. Qe1 h5 18. Bf2 Ba8 19. Bf1 Ne5 20. Na4 Qe8 21. Nb2 Ng6 22. Nb3 h4 23. Be3 h3 24. g3 d5 25. cxd5 Rxc1 26. Rxc1 exd5 27. Bxh3 dxe4 28. f4 Nd5 29. Nd4 Bf6 30. Rd1 Nxe3 31. Qxe3 Rd8 32. Nc4 Rxd4 33. Rxd4 Bxd4 34. Qxd4 e3+ 0-1


[Site "https://www.chess.com"]

[Event "Titled Tuesday Blitz November 15 Late 2022"]
[White "Onslow, Alfie"]
[Black "Premnath, R."]
[WhiteFideId "436976"]
[BlackFideId "5021928"]
[WhiteElo "2015"]
[BlackElo "2553"]
[Result "0-1"]
[Round "03"]
[TimeControl "180+1"]
[Date "2022.11.16"]
[WhiteClock "0:00:02"]
[BlackClock "0:00:19"]

1. e4 c5 2. c3 d5 3. exd5 Qxd5 4. d4 g6 5. Nf3 Bg7 6. Be2 Nf6 7. O-O cxd4 8. cxd4 O-O 9. Nc3 Qa5 10. Qc2 Bf5 11. Bd3 Bxd3 12. Qxd3 Nc6 13. a3 e6 14. Be3 Rfd8 15. Rfd1 Rac8 16. Qe2 Nd5 17. Rac1 Nxc3 18. Rxc3 Qd5 19. Rc5 Qd6 20. Rcc1 h6 21. Qd2 Kh7 22. b4 a6 23. h4 Qe7 24. h5 gxh5 25. Rc5 f5 26. Qe2 Qf7 27. Bf4 Rd5 28. Rxd5 exd5 29. Ne5 Nxe5 30. Bxe5 Re8 31. f4 h4 32. Qf3 Bxe5 33. dxe5 Rd8 34. Qd3 d4 35. Rc1 b5 36. Rc6 h3 37. gxh3 Qg8+ 38. Kh2 Qf7 39. Rf6 Qd7 40. Qxf5+ Qxf5 41. Rxf5 d3 42. Rf7+ Kg6 43. e6 d2 44. f5+ Kg5 45. h4+ Kxh4 46. e7 d1=Q 47. exd8=Q+ Qxd8 48. Rg7 Qd2+ 49. Rg2 Qf4+ 50. Kh1 Kh3 51. f6 Qf3 0-1


[Site "https://www.chess.com"]

[Event "Titled Tuesday Blitz November 15 Late 2022"]
[White "Paiva, Henrique M A Albergaria"]
[Black "Sanchez Enriquez, Oscar Gerardo"]
[WhiteFideId "1920995"]
[BlackFideId "5106311"]
[WhiteElo "1953"]
[BlackElo "2375"]
[Result "1-0"]
[Round "03"]
[TimeControl "180+1"]
[Date "2022.11.16"]
[WhiteClock "0:00:20"]
[BlackClock "0:01:10"]

1. Nf3 g6 2. c4 Bg7 3. g3 Nf6 4. Bg2 O-O 5. O-O d6 6. Nc3 c6 7. d4 Bf5 8. Nh4 Be6 9. d5 cxd5 10. cxd5 Bd7 11. Qb3 b6 12. Nf3 Na6 13. Nd4 Nc5 14. Qd1 Rc8 15. b4 e5 16. Nc6 Bxc6 17. dxc6 Ne6 18. e3 h5 19. b5 h4 20. a4 hxg3 21. hxg3 Nc5 22. Nd5 e4 23. Nxf6+ Bxf6 24. Rb1 d5 25. Ba3 Qd6 26. Bxe4 Rfd8 27. Bg2 d4 28. exd4 Bxd4 29. Qf3 a6 30. Rbd1 axb5 31. axb5 Qe6 32. Rfe1 Qc4 33. Bf1 Qa2 34. Bxc5 bxc5 35. b6 Qa5 36. b7 Rb8 37. Re7 Rf8 38. Bc4 Qa4 39. Bd5 Kg7 40. Rxf7+ Rxf7 41. Qxf7+ Kh6 42. Qf3 Qc2 43. Kg2 g5 44. Rh1+ Kg6 45. Be4+ 1-0


[Site "https://www.chess.com"]

[Event "Titled Tuesday Blitz November 15 Late 2022"]
[White "Papasimakopoulos, Alexandros"]
[Black "Kirillov, Dmitry"]
[WhiteFideId "4244125"]
[BlackFideId "34180572"]
[WhiteElo "2365"]
[BlackElo "2095"]
[Result "0-1"]
[Round "03"]
[TimeControl "180+1"]
[Date "2022.11.16"]
[WhiteClock "0:01:47"]
[BlackClock "0:00:22"]

1. d4 d5 2. c4 e6 3. Nc3 c6 4. Nf3 dxc4 5. a4 Bb4 6. e3 b5 7. Bd2 a5 8. Rb1 Ba6 9. Ng1 Nd7 10. Be2 Ngf6 11. Bf3 Rc8 12. Nge2 O-O 13. Bxc6 Rxc6 14. axb5 Bxb5 15. Nxb5 Rb6 16. Nbc3 Nd5 17. O-O Qc7 18. e4 Nxc3 19. bxc3 Bd6 20. f4 Rxb1 21. Qxb1 Rb8 22. Qa2 Qc6 23. Ng3 Qb5 24. e5 Be7 25. Ne4 a4 26. h3 Qb3 27. Ra1 a3 28. Kf1 Qxa2 29. Rxa2 Rb2 30. Ra1 a2 31. Ke2 Nb6 32. Nf2 Nd5 33. Nd1 Nxf4+ 34. Ke3 Nxg2+ 35. Ke2 Nf4+ 36. Ke3 Nd5+ 37. Ke2 Rc2 38. Ne3 Nxc3+ 39. Ke1 Bh4+ 40. Kf1 Rxd2 41. Nxc4 Rd1+ 42. Rxd1 Nxd1 43. Ke2 a1=Q 0-1


[Site "https://www.chess.com"]